 Dungeon Crawl Stone Soup version 0.29.0-4-gdea44cf6ec (webtiles) character file.

Game seed: 1248414642916042091

153 qw the Sneak (level 5, -7/32 HPs)
             Began as a Gargoyle Delver on Sept 10, 2022.
             Was an Initiate of Okawaru.
             Mangled by an ogre
             ... wielding a +0 giant spiked club
              (19 damage)
             ... on level 4 of the Dungeon.
             The game lasted 00:01:45 (6870 turns).

qw the Sneak (Gargoyle Delver)                      Turns: 6870, Time: 00:01:46

Health: -7/32      AC: 10    Str: 18    XL:     5   Next: 35%
Magic:  5/5        EV:  9    Int: 10    God:    Okawaru [......]
Gold:   160        SH:  5    Dex: 11    Spells: 4/4 levels left

rFire   . . .      SeeInvis .   Y - +3 hand axe
rCold   . . .      Faith    .   (no shield)
rNeg    + . .      Spirit   .   m - +0 scale mail
rPois   inf        Reflect  +   (no helmet)
rElec   +          Harm     .   (no cloak)
rCorr   .          Rampage  .   (no gloves)
Will    .....                   (no boots)
Stlth   +.........              i - amulet of reflection
HPRegen 0.10/turn               (no ring)
MPRegen 0.09/turn               (no ring)

@: no status effects
A: sickness immunity, AC +4, negative energy resistance 1, electricity
resistance, torment resistance 1, petrification resistance
a: Renounce Religion


You were on level 4 of the Dungeon.
You worshipped Okawaru.
Okawaru was noncommittal.
You visited 1 branch of the dungeon, and saw 5 of its levels.

You collected 160 gold pieces.


Innate Abilities, Weirdness & Mutations

You are immune to sickness and miasma.
Your stone body is resilient. (AC +4)
You are immune to poison.
You resist negative energy. (rN+)
You are resistant to electric shocks. (rElec)
You are resistant to unholy torment.
You are immune to petrification.


   Skills:
 - Level 3.2 Fighting
 + Level 4.8 Axes
 - Level 1.0 Armour
 - Level 1.5 Dodging
 - Level 5.4 Stealth


You had 4 spell levels left.
You didn't know any spells.
Your spell library was empty.

Inventory:

Hand Weapons
 d - a +0 whip
 Y - a +3 hand axe (weapon)
Missiles
 k - 2 boomerangs (quivered)
Armour
 m - a +0 scale mail (worn)
Jewellery
 i - an amulet of reflection (around neck)
Wands
 g - a wand of digging (3)
Scrolls
 a - a scroll of teleportation {unknown}
 c - 3 scrolls of identify
Potions
 b - a potion of brilliance {unknown}
 e - a potion of magic {unknown}
 f - 2 potions of haste
 h - a potion of berserk rage {unknown}
 j - a potion of heal wounds
 l - a potion of mutation {unknown}
 n - 3 potions of curing {unknown}
 o - 2 potions of resistance {unknown}
 p - a potion of invisibility {unknown}

Dungeon Overview and Level Annotations

Branches:
Dungeon (5/15)
 Temple: D:4-7

Altars:
Ashenzari
Dithmenos
Kikubaaqudgha
Okawaru
Wu Jian


Message History

You hit the jackal.
You kill the jackal!
Okawaru accepts your kill.
You start resting.
HP restored.
You see here a jackal corpse.
You see here a giant cockroach corpse.
Found a stone staircase leading down.
Found 6 stones.
You now have 160 gold pieces (gained 9).
You see here 5 poisoned darts.
An ogre comes into view. It is wielding a +0 giant spiked club.
The ogre shouts!
Throw: 2 boomerangs
Press: ? - help, Q - select action Shift-Dir - straight line, f - ogre You throw a boomerang.
The boomerang barely misses the ogre.
Throw: 2 boomerangs
Press: ? - help, Q - select action Shift-Dir - straight line, f/p - ogre You throw a boomerang.
The boomerang hits the ogre.
The ogre is lightly wounded.
Throw: 2 boomerangs
Press: ? - help, Q - select action Shift-Dir - straight line, f/p - ogre You throw a boomerang.
The boomerang closely misses the ogre.
You hit the ogre.
The ogre is moderately wounded.
The ogre completely misses you.
You barely miss the ogre.
The ogre is moderately wounded.
You hit the ogre.
The ogre is moderately wounded.
The ogre barely misses you.
You hit the ogre.
The ogre is heavily wounded.
The ogre hits you with a +0 giant spiked club!!
Ouch! That really hurt!
You slash the ogre!
The ogre is almost dead.
The ogre hits you with a +0 giant spiked club!!
Ouch! That really hurt!
You die...

....# #.#.# ###.#
#.#.###### #.#
#.#.#....# ###.####
#.#.#....# .......#
#.#.#....# # ###(##.#
#.#.#....##.# .....#.#
#.#.#........
###..#.####.#.#....##.#.
................@O......
.....#.####.#......##.##
.....#.######.######
.........####.##
.........'.....#
#####%...####..###### #
#....# #........
#####....####.....###
.....................


You could see an ogre.

Vanquished Creatures
  A hound (D:4)
  2 adders
  4 worms
  A dart slug (D:1)
  9 orcs
  6 endoplasms
  3 giant cockroaches
  5 goblins
  4 hobgoblins
  8 jackals
  8 kobolds
  4 quokkas
  6 ball pythons
  7 bats
  3 frilled lizards
  8 rats
79 creatures vanquished.

Notes
Turn   | Place    | Note
-------+----------+-------------------------------------------
     0 | D:5      | qw the Gargoyle Delver began the quest for the Orb.
     0 | D:5      | Reached XP level 1. HP: 14/14 MP: 1/1
     0 | D:5      | 0 ||| qw: Version: 0.1-a-116-g5d60599
     0 | D:5      | 0 ||| qw: Game counter: 7725
     0 | D:5      | 0 ||| qw: Always use a shield: true
     0 | D:5      | 0 ||| qw: God list: Okawaru
     0 | D:5      | 0 ||| qw: Allow faded altars: false
     0 | D:5      | 0 ||| qw: Do Orc after D:15 true
     0 | D:5      | 0 ||| qw: Do second Lair branch before Depths: true
     0 | D:5      | 0 ||| qw: Lair rune preference: random
     0 | D:5      | 0 ||| qw: Plans: Normal
     0 | D:5      | 0 ||| PLANNING D:1-11
     0 | D:5      | 0 ||| DROPPING scroll of fog.
     1 | D:5      | 1 ||| DROPPING scroll of magic mapping.
     2 | D:5      | 2 ||| DROPPING scroll of fear.
    72 | D:4      | Reached XP level 2. HP: 9/19 MP: 2/2
   201 | D:4      | 201 ||| FLEEEEING.
   202 | D:4      | 202 ||| FLEEEEING.
   203 | D:4      | 203 ||| STAIRDANCE
   231 | D:3      | Found a broken altar of Ashenzari.
   541 | D:3      | 541 ||| Stepping ~*~*~tactically~*~*~ (stealth).
   542 | D:3      | 542 ||| READING scroll labelled FOIZUL DEOTEEVETE.
   814 | D:2      | 814 ||| READING scroll labelled HOKYQO NIEFF.
  1112 | D:1      | 1112 ||| Stepping ~*~*~tactically~*~*~ (hiding).
  1114 | D:1      | 1114 ||| Stepping ~*~*~tactically~*~*~ (hiding).
  1119 | D:1      | Reached skill level 3 in Axes
  1258 | D:1      | 1258 ||| Stepping ~*~*~tactically~*~*~ (hiding).
  1360 | D:1      | 1360 ||| Stepping ~*~*~tactically~*~*~ (hiding).
  1462 | D:1      | 1462 ||| Stepping ~*~*~tactically~*~*~ (hiding).
  1564 | D:1      | 1564 ||| Stepping ~*~*~tactically~*~*~ (hiding).
  1666 | D:1      | 1666 ||| Stepping ~*~*~tactically~*~*~ (hiding).
  1768 | D:1      | 1768 ||| Stepping ~*~*~tactically~*~*~ (hiding).
  1870 | D:1      | 1870 ||| Stepping ~*~*~tactically~*~*~ (hiding).
  1972 | D:1      | 1972 ||| Stepping ~*~*~tactically~*~*~ (hiding).
  2074 | D:1      | 2074 ||| Stepping ~*~*~tactically~*~*~ (hiding).
  2176 | D:1      | 2176 ||| Stepping ~*~*~tactically~*~*~ (hiding).
  2278 | D:1      | 2278 ||| Stepping ~*~*~tactically~*~*~ (hiding).
  2380 | D:1      | 2380 ||| Stepping ~*~*~tactically~*~*~ (hiding).
  2482 | D:1      | 2482 ||| Stepping ~*~*~tactically~*~*~ (hiding).
  2584 | D:1      | 2584 ||| Stepping ~*~*~tactically~*~*~ (hiding).
  2686 | D:1      | 2686 ||| Stepping ~*~*~tactically~*~*~ (hiding).
  2788 | D:1      | 2788 ||| Stepping ~*~*~tactically~*~*~ (hiding).
  2890 | D:1      | 2890 ||| Stepping ~*~*~tactically~*~*~ (hiding).
  2992 | D:1      | 2992 ||| Stepping ~*~*~tactically~*~*~ (hiding).
  3094 | D:1      | 3094 ||| Stepping ~*~*~tactically~*~*~ (hiding).
  3196 | D:1      | 3196 ||| Stepping ~*~*~tactically~*~*~ (hiding).
  3298 | D:1      | 3298 ||| Stepping ~*~*~tactically~*~*~ (hiding).
  3308 | D:1      | Reached XP level 3. HP: 23/23 MP: 3/3
  3455 | D:1      | 3455 ||| UPGRADING to +0 ring mail.
  3465 | D:1      | 3465 ||| DROPPING +0 leather armour.
  3466 | D:1      | 3466 ||| READING scroll labelled XOW UPLUIKYRI.
  4079 | D:2      | Found a faded altar of an unknown god.
  4513 | D:2      | Reached XP level 4. HP: 28/28 MP: 4/4
  4532 | D:2      | 4532 ||| UPGRADING to amulet of reflection.
  4537 | D:2      | 4537 ||| READING 3 scrolls labelled TASTYTT ZYSYM.
  4538 | D:2      | 4538 ||| READING 2 scrolls of enchant weapon.
  4538 | D:2      | 4538 ||| ENCHANTING +1 hand axe.
  4539 | D:2      | 4539 ||| READING scroll of enchant weapon.
  4539 | D:2      | 4539 ||| ENCHANTING +2 hand axe.
  4540 | D:2      | 4540 ||| READING scroll labelled YXZEM OTEH.
  4541 | D:2      | 4541 ||| DRINKING 2 purple potions.
  4542 | D:2      | 4542 ||| DROPPING potion of attraction.
  4725 | D:3      | Found a shadowy altar of Dithmenos.
  4801 | D:3      | Found an iron altar of Okawaru.
  5001 | D:3      | 5001 ||| Stepping ~*~*~tactically~*~*~ (hiding).
  5103 | D:3      | 5103 ||| Stepping ~*~*~tactically~*~*~ (hiding).
  5205 | D:3      | 5205 ||| Stepping ~*~*~tactically~*~*~ (hiding).
  5307 | D:3      | 5307 ||| Stepping ~*~*~tactically~*~*~ (hiding).
  5310 | D:3      | 5310 ||| Stepping ~*~*~tactically~*~*~ (hiding).
  5313 | D:3      | 5313 ||| Stepping ~*~*~tactically~*~*~ (stealth).
  5637 | D:3      | 5637 ||| Stepping ~*~*~tactically~*~*~ (stealth).
  5642 | D:3      | Reached skill level 1 in Armour
  5686 | D:3      | 5686 ||| UPGRADING to +0 scale mail.
  5696 | D:3      | 5696 ||| DROPPING +0 ring mail.
  5697 | D:3      | 5697 ||| READING 2 scrolls labelled ZAL YTITHY.
  5698 | D:3      | 5698 ||| DRINKING 2 puce potions.
  5751 | D:3      | Became a worshipper of Warmaster Okawaru
  5931 | D:3      | Found an ornate altar of the Wu Jian Council.
  6221 | D:4      | Found the +5 glaive of the Guard {elec, spectral, AC+5}
  6368 | D:4      | 6368 ||| Stepping ~*~*~tactically~*~*~ (stealth).
  6371 | D:4      | Found an ancient bone altar of Kikubaaqudgha.
  6373 | D:4      | 6373 ||| Stepping ~*~*~tactically~*~*~ (stealth).
  6383 | D:4      | 6383 ||| Stepping ~*~*~tactically~*~*~ (stealth).
  6390 | D:4      | 6390 ||| Stepping ~*~*~tactically~*~*~ (stealth).
  6395 | D:4      | 6395 ||| Stepping ~*~*~tactically~*~*~ (stealth).
  6397 | D:4      | 6397 ||| Stepping ~*~*~tactically~*~*~ (stealth).
  6423 | D:4      | 6423 ||| Stepping ~*~*~tactically~*~*~ (stealth).
  6678 | D:4      | 6678 ||| Stepping ~*~*~tactically~*~*~ (stealth).
  6693 | D:4      | Reached XP level 5. HP: 31/32 MP: 5/5
  6861 | D:4      | Noticed an ogre
  6870 | D:4      | Mangled by an ogre

Levels and vault maps discovered:
D:1:      psy_arrival_basics, layout_basic
D:2:      kennysheep_six_static_rooms, layout_basic,
          ebering_ecumenical_altar_hall
D:3:      minmay_razor_zed, layout_loops_corners,
          nicolae_dithmenos_the_darkroom, okawaru_trees_2,
          mainiacjoe_overflow_brackets, nicolae_wu_jian_glorious_leap
D:4:      layout_basic, old_standard_altar
D:5:      layout_loops_corners, nicolae_elyvilon_peaceful_grove,
          eat_drink_and_be_merry_uskayaw, nicolae_tso_carved_into_rock,
          portal_sewer_entry_d, grunt_decor_resistance,
          amcnicky_mini_corridor_feature

Skill      XL: |  1  2  3  4 |
---------------+-------------+-----
Axes           | 2 3 4 |  4.8
Armour         | 1 |  1.0
Fighting       | |  3.2
Dodging        | |  1.5
Stealth        | |  5.4

Action                   |  1- 3 |  4- 6 || total
-------------------------+-------+-------++-------
Melee: Hand axe          |   112 |    96 ||   208
Throw: Boomerang         |       |    46 ||    46
  Use: Scroll            |     3 |     5 ||     8
       Potion            |       |     2 ||     2
 Stab: Sleeping          |     3 |     1 ||     4
Armor: Leather armour    |    17 |       ||    17
       Ring mail         |    14 |    16 ||    30
       Scale mail        |       |    34 ||    34
Dodge: Dodged            |    53 |    39 ||    92
Block: Other             |       |    21 ||    21
       Reflection        |       |     1 ||     1

Table legend:
 A = Non-vault XP
 B = Vault XP
 C = Vault XP percentage of total XP
 D = Non-vault monster count
 E = Vault monster count
 F = Vault count percentage of total count
                 A         B        C        D         E       F
            +---------+---------+-------+---------+---------+-------
      Total |     185 |      34 |  15.5 |      64 |      15 |  19.0
            +---------+---------+-------+---------+---------+-------
        D:1 |      20 |       0 |   0.0 |      11 |       0 |   0.0
        D:2 |      32 |      14 |  30.4 |      14 |       6 |  30.0
        D:3 |      30 |      20 |  40.0 |      15 |       9 |  37.5
        D:4 |     103 |       0 |   0.0 |      24 |       0 |   0.0
            +---------+---------+-------+---------+---------+-------
